 Dungeon Crawl Stone Soup version 0.14-a0-1969-g2c76abe (webtiles) character file.

43 4tharraofdagon the Vexing (level 2, -2/13 HPs)
             Began as a Spriggan Enchanter on Jan 17, 2014.
             Hit by a dart thrown by a kobold (3 damage)
             ... on Level 4 of the Dungeon.
             The game lasted 00:02:10 (343 turns).

4tharraofdagon the Vexing (Spriggan Enchanter)       Turns: 343, Time: 00:02:10

HP  -2/13        AC  3     Str  4      XL: 2   Next: 68%
MP   8/8         EV 18     Int 16      God:
Gold 21          SH  0     Dex 16      Spells:  2 memorised,  4 levels left

rFire  . . .     SeeInvis +     a - +1 dagger
rCold  . . .     Clarity  .     b - +1 robe
rNeg   . . .     Conserve .     (shield restricted)
rPois  .         rCorr    .     (helmet restricted)
rElec  .         rRot     .     (no cloak)
SustAb . .       Spirit   .     (gloves unavailable)
rMut   .         Warding  .     (boots unavailable)
Saprov . . .     Stasis   .     (no amulet)
MR     .....                    (no ring)
                                (no ring)

@: very quick, not resistant to hostile enchantments, stealthy
A: unfitting armour, see invisible, herbivore 3, speed 3, slow metabolism 2
a: no special abilities


You were on level 4 of the Dungeon.
You were not hungry.

You visited 1 branch of the dungeon, and saw 4 of its levels.

You collected 21 gold pieces.

Inventory:

Hand weapons
 a - a +1,+1 dagger (weapon)
Missiles
 d - 16 darts (quivered)
Armour
 b - a +1 robe (worn)
Scrolls
 f - a scroll of random uselessness {unknown}
 g - a scroll of fear {unknown}
 j - a scroll of immolation {unknown}
Jewellery
 m - an uncursed ring of invisibility {unknown}
Potions
 e - a potion of porridge
 h - a potion of heal wounds {unknown}
 i - a potion of cure mutation {unknown}
 k - a potion of might {unknown}
 l - a potion of degeneration {unknown}
Books
 c - a book of Maledictions

   Spells                             Type                      Level
   *Corona                            Hexes                        1
   Sure Blade                         Hexes/Charms                 2
   *Ensorcelled Hibernation           Hexes/Ice                    2
   Confuse                            Hexes                        3
   Enslavement                        Hexes                        4
   Invisibility                       Hexes                        6


   Skills:
 * Level 1.9 Short Blades
 - Level 1.1 Throwing
 - Level 3.0 Dodging
 * Level 3.2 Stealth
 + Level 3.1 Spellcasting
 + Level 4.1 Hexes


You had 4 spell levels left.
You knew the following spells:

 Your Spells              Type           Power        Failure   Level  Hunger
a - Corona                Hex            ###....      4%          1    #......
b - Ensorcelled Hibernat  Hex/Ice        #.....       14%         2    ##.....


Dungeon Overview and Level Annotations

Branches:
Dungeon (4/16)
 Temple: D:4-7

Altars:


Innate Abilities, Weirdness & Mutations

You are tiny and cannot use many weapons and most armour.
You have supernaturally acute eyesight.
You are a herbivore.
You cover ground extremely quickly.
You need consume almost no food.


Message History

Found a bone ring.
You now have 21 gold pieces (gained 11).
Read which item? (? for menu, Esc to quit)
Okay, then.
Found a scroll labeled SYVUOR YREUCI.
Found a robe.
A hobgoblin comes into view.
You see here a bone ring.
m - a bone ring The orc throws a tomahawk.
The tomahawk misses you. The hobgoblin barely misses you.
The orc wizard casts a spell at you. The magic dart hits you!
Ouch! That really hurt!
* * * LOW HITPOINT WARNING * * *
Found 11 silver darts.
A kobold comes into view.
The kobold shouts!
The kobold throws a dart.
The dart hits you!
You die...
K

..... ......
....... ........
####
........###...#
..............#
..............#
.........@(..#
....[....#####
.........#####
........g....#
..............#
...............#
...........#####
#........?..#
..o......o...###


You could see a hobgoblin and a kobold.

Vanquished Creatures
  An adder (D:2)
  2 giant cockroaches (D:1)
  2 hobgoblins (D:1)
  2 ball pythons
  A bat (D:1)
  A giant newt (D:1)
  A goblin (D:2)
  2 kobolds
  3 rats
15 creatures vanquished.

Vanquished Creatures (others)
  A quokka (D:4)
1 creature vanquished.

Grand Total: 16 creatures vanquished

Notes
Turn   | Place    | Note
--------------------------------------------------------------
     0 | D:1      | 4tharraofdagon, the Spriggan Enchanter, began the quest for the Orb.
     0 | D:1      | Reached XP level 1. HP: 9/9 MP: 4/4
   135 | D:1      | Reached XP level 2. HP: 2/13 MP: 1/7
   141 | D:2      | Learned a level 2 spell: Ensorcelled Hibernation
   176 | D:2      | Reached skill level 4 in Hexes
   343 | D:4      | Hit by a dart thrown by a kobold

Action                   || total
-------------------------++-------
Melee: Dagger            ||    36
 Cast: Corona            ||     8
       Ensorcelled Hiber ||     3
 Stab: Sleeping          ||     4
